 Dungeon Crawl Stone Soup version 0.28-a0-691-gad6df49e81 (webtiles) character file.

Game seed: 1790344466704733074

343 timneilson the Covered (level 6, 0/38 HPs)
             Began as a Gargoyle Fighter on Oct 20, 2021.
             Slain by Pikel (2 damage)
             ... on level 4 of the Dungeon.
             The game lasted 00:05:53 (3086 turns).

timneilson the Covered (Gargoyle Fighter)           Turns: 3086, Time: 00:05:54

Health: 0/38       AC: 12    Str: 22      XL:     6   Next: 57%
Magic:  6/6        EV: 10    Int:  8      God:
Gold:   167        SH:  5    Dex:  8 (9)  Spells: 5/5 levels left

rFire   . . .      SeeInvis .   i - +0 long sword (vorpal)
rCold   . . .      Faith    .   c - +1 buckler
rNeg    + . .      Spirit   .   b - +0 scale mail
rPois   ∞          Reflect  .   e - +0 helmet
rElec   +          Harm     .   (no cloak)
rCorr   .          Rampage  .   (no gloves)
Will    .....                   (no boots)
Stlth   ..........              (no amulet)
HPRegen 0.12/turn               (no ring)
MPRegen 0.10/turn               (no ring)

@: mighty
A: sickness immunity, AC +4, negative energy resistance 1, electricity
resistance, torment resistance 1, petrification resistance
a: no special abilities


You were on level 4 of the Dungeon.
You visited 1 branch of the dungeon, and saw 4 of its levels.

You collected 167 gold pieces.

Inventory:

Hand Weapons
 i - a +0 vorpal long sword (weapon)
Armour
 b - a +0 scale mail (worn)
 c - a +1 buckler (worn)
 e - a +0 helmet (worn)
Potions
 f - a potion of attraction
 g - a potion of brilliance


   Skills:
 + Level 4.1 Fighting
 * Level 3.4 Long Blades
 * Level 4.8 Armour
 + Level 1.5 Dodging
 * Level 4.8 Shields


You had 5 spell levels left.
You didn't know any spells.
Your spell library contained the following spells:

 Spells                   Type           Power      Damage    Failure   Level
 Animate Armour           Summ/Erth      0%         N/A       100%        4
 Blade Hands              Tmut           0%         N/A       100%        5
 Iron Shot                Conj/Erth      0%         9d1       100%        6


Dungeon Overview and Level Annotations

Branches:
Dungeon (4/15)
 Temple: D:4-7

Altars:
Wu Jian
The Shining One

Annotations:
D:4 Pikel


Innate Abilities, Weirdness & Mutations

You are immune to sickness and miasma.
Your stone body is resilient. (AC +4)
You are immune to poison.
You resist negative energy. (rN+)
You are resistant to electric shocks. (rElec)
You are resistant to unholy torment.
You are immune to petrification.


Message History

You kill the scorpion!
You feel your dexterity returning.
You closely miss Pikel.
Pikel hits you with a +0 whip of flaming.
Pikel burns you.
You hit Pikel.
Pikel is lightly wounded.
Pikel misses you.
You hit Pikel but do no damage.
Pikel is lightly wounded.
Pikel misses you.
Pikel hits you with a +0 whip of flaming.
Pikel burns you.
You barely miss Pikel.
Pikel is lightly wounded.
Pikel hits you with a +0 whip of flaming.
Pikel burns you.
You slash Pikel!
Pikel is moderately wounded.
Pikel hits you with a +0 whip of flaming.
Pikel burns you.
You feel very mighty all of a sudden. Pikel misses you.
You slash Pikel!
Pikel is heavily wounded.
Pikel hits you but does no damage.
You hit Pikel.
Pikel is severely wounded.
Pikel hits you with a +0 whip of flaming.
Pikel burns you.
Pikel hits you with a +0 whip of flaming.
* * * LOW HITPOINT WARNING * * *
Pikel burns you.
* * * LOW HITPOINT WARNING * * *
You barely miss Pikel.
Pikel is severely wounded.
Pikel hits you with a +0 whip of flaming.
* * * LOW HITPOINT WARNING * * *
Pikel burns you.
You die...

#............#######
#............#
#............#
#............#
##'####....###
##.####.####
#..#......#
####....#.# #....#@#
#....#K# #....#5#
######5### #5..#
#.#.# ###'# ..s
....#


You could see Pikel and 3 lemures.

Vanquished Creatures
  A lemure (D:4)
  A scorpion (D:4)
  A vampire bat (D:3)
  2 orc priests (D:3)
  An iguana (D:3)
  Jessica (D:2)
  Robin (D:3)
  3 adders
  4 dart slugs
  6 orcs
  9 endoplasms
  12 goblins
  9 hobgoblins
  3 jackals (D:3)
  3 kobolds
  3 quokkas
  6 ball pythons
  13 bats
  2 frilled lizards
  6 rats
87 creatures vanquished.

Notes
Turn   | Place    | Note
-------+----------+-------------------------------------------
     0 | D:1      | timneilson the Gargoyle Fighter began the quest for the
                  | Orb.
     0 | D:1      | Reached XP level 1. HP: 14/14 MP: 1/1
   227 | D:1      | Reached XP level 2. HP: 10/19 MP: 2/2
   596 | D:1      | Reached XP level 3. HP: 21/23 MP: 3/3
   878 | D:2      | Found a glowing golden altar of the Shining One.
  1040 | D:2      | Noticed Jessica
  1045 | D:2      | Killed Jessica
  1046 | D:2      | Reached XP level 4. HP: 24/28 MP: 4/4
  2030 | D:3      | Noticed Robin
  2036 | D:3      | Reached skill level 1 in Dodging
  2036 | D:3      | Reached XP level 5. HP: 18/33 MP: 5/5
  2052 | D:3      | Killed Robin
  2053 | D:3      | HP: 1/33 [orc priest/divine providence (11)]
  2481 | D:3      | Reached XP level 6. HP: 38/38 MP: 6/6
  2864 | D:3      | Found an ornate altar of the Wu Jian Council.
  3028 | D:4      | Noticed Pikel
  3086 | D:4      | Slain by Pikel

Illustrated notes

Levels and vault maps discovered:
D:1:      kennysheep_arrival_seaside, layout_rooms
D:2:      layout_basic, basic_altar, uniq_jessica
D:3:      layout_loops_cross, lemuel_round_altar, minmay_liquid_box,
          chequers_mini_garden, roderic_batcave, uniq_robin
D:4:      layout_basic, mainiacjoe_overflow_paths, nzn_hepliaklqana_mist_gate,
          uniq_pikel

Skill      XL: |  1  2  3  4  5 |
---------------+----------------+-----
Long Blades    | 2 3 |  3.4
Armour         | 4 |  4.8
Shields        | 4 |  4.8
Dodging        | 1 |  1.5
Fighting       | 4 |  4.1

Action                   |  1- 3 |  4- 6 || total
-------------------------+-------+-------++-------
Melee: Long sword        |   103 |   207 ||   310
  Use: Scroll            |     2 |     7 ||     9
       Potion            |       |     4 ||     4
Armor: Scale mail        |    51 |    97 ||   148
Dodge: Dodged            |    59 |   122 ||   181
Block: Buckler           |    26 |    61 ||    87

Table legend: (Time is in decaauts)
 A = Elapsed time spent in this place.
 B = Non-inter-level travel time spent in this place.
 C = Inter-level travel time spent in this place.
 D = Time resting spent in this place.
 E = Time spent auto-exploring this place.
 F = Levels seen in this place.
 G = Mean time per level.
                   A        B        C        D        E       F      G
               +--------+--------+--------+--------+--------+-----+--------+
         Total |   3173 |   3115 |     58 |    259 |   2048 |   4 |  793.2 |
       Dungeon |   3173 |   3115 |     58 |    259 |   2048 |   4 |  793.2 |
               +--------+--------+--------+--------+--------+-----+--------+

Top non-repeatable levels by time:
     D:3: 1288 daAuts
     D:2: 952 daAuts
     D:1: 823 daAuts
     D:4: 109 daAuts
